 Dungeon Crawl Stone Soup version 0.26-a0-858-gbf766624f9 (webtiles) character file.

Game seed: 6435155500569913920

16 dickylongcocking the Stinger (level 2, -3/19 HPs)
             Began as a Demonspawn Venom Mage on Nov 25, 2020.
             Slain by a gnoll
             ... wielding a +0 whip
              (5 damage)
             ... on level 1 of the Dungeon.
             The game lasted 00:01:05 (1210 turns).

dickylongcocking the Stinger (DsVM)                 Turns: 1210, Time: 00:01:05

Health: -3/19      AC:  3    Str:  8    XL:     2   Next: 37%
Magic:  0/5        EV: 11    Int: 16    God:
Gold:   45         SH:  0    Dex: 13    Spells: 4/5 levels left

rFire    . . .     SeeInvis .   g - +0 whip (elec)
rCold    . . .     Faith    .   (no shield)
rNeg     . . .     Spirit   +   h - +0 leather armour
rPois    .         Reflect  .   (no helmet)
rElec    .         Harm     .   (no cloak)
rCorr    .         Rampage  .   (no gloves)
MR       .....                  (no boots)
Stlth    ++........             (no amulet)
HPRegen  0.06/turn              (no ring)
MPRegen  0.09/turn              (no ring)

@: very slightly contaminated
A: magic shield
a: no special abilities


You were on level 1 of the Dungeon.
You visited 1 branch of the dungeon, and saw 2 of its levels.

You collected 45 gold pieces.

Inventory:

Hand Weapons
 g - a +0 whip of electrocution (weapon)
Armour
 a - a +0 robe
 h - a +0 leather armour (worn)
Jewellery
 c - an uncursed ring of see invisible {unknown}
Scrolls
 b - a scroll of teleportation {unknown}
 d - a scroll of fog
 e - a scroll of identify {unknown}
 f - a scroll of random uselessness {unknown}


   Skills:
 - Level 1.7 Dodging
 - Level 1.7 Stealth
 - Level 2.0 Spellcasting
 - Level 0.8 Transmutations
 * Level 3.8 Poison Magic


You had 4 spell levels left.
You knew the following spells:

 Your Spells              Type           Power        Failure   Level
a - Sting                 Tmut/Pois      #...         12%         1

Your spell library contained the following spells:

 Spells                   Type           Power        Failure   Level
 Poisonous Vapours        Pois/Air       #.....       21%         2
 Magic Dart               Conj           #...         30%         1
 Blink                    Tloc           N/A          41%         2
 Call Imp                 Summ           #.......     41%         2
 Slow                     Hex            #.......     41%         2
 Ignite Poison            Fire/Tmut/Pois #.......     43%         3
 Mephitic Cloud           Conj/Pois/Air  #.......     47%         3
 Olgreb's Toxic Radiance  Pois           ##......     52%         4
 Conjure Flame            Conj/Fire      #.......     65%         3


Dungeon Overview and Level Annotations

Branches:
Dungeon (2/15)

Altars:


Innate Abilities, Weirdness & Mutations

When hurt, damage is shared between your health and your magic reserves.


Message History

Aim: a gnoll, wielding a +0 whip (23% to evade)
The sting hits the gnoll.
The gnoll is poisoned.
The gnoll is lightly wounded.
The gnoll hits you with a +0 whip.
* * * LOW HITPOINT WARNING * * *
The gnoll closely misses you.
Unknown command.
You aren't carrying any items that you can evoke.
Unknown command.
What are your orders? t - Shout!
Orders for allies: a - Attack new target. p - Attack previous target. r - Retreat! s - Stop attacking. g - Guard the area. f - Follow me.
Anything else - Cancel.
Okay, then.
As you read the scroll labelled BIASTU TEVOEPT, it crumbles to dust.
The scroll dissolves into smoke.
It was a scroll of fog.
The gnoll hits you with a +0 whip.
You die...

##### ##...## ##############
#.....#####............#
#...........##########.#
####.....######### #.#
..............gg§# #.#
.#####.#..####§#@# #.#
.#####....# #.#§# #.#
......##### ##### #.# >.....#
######## #.####### .....##
####......#### #.##.....
.....# ##............##
#..#.####
.....###....####......# #....#
.....##....#######....###..###
....###...##.....##....##.##


You could see 2 gnolls.

Vanquished Creatures
  4 bats
  2 giant cockroaches (D:1)
  A goblin (D:1)
  2 hobgoblins
  A frilled lizard (D:1)
  2 kobolds
  A rat (D:1)
13 creatures vanquished.

Notes
Turn   | Place    | Note
-------+----------+-------------------------------------------
     0 | D:1      | dickylongcocking the Demonspawn Venom Mage began the quest
                  | for the Orb.
     0 | D:1      | Reached XP level 1. HP: 13/13 MP: 3/3
   578 | D:1      | Gained mutation: When hurt, damage is shared between your
                  | health and your magic reserves. [demonic ancestry]
   578 | D:1      | Reached XP level 2. HP: 19/19 MP: 3/5
  1210 | D:1      | Slain by a gnoll

Illustrated notes

Levels and vault maps discovered:
D:1:      dpeg_arrival_snail, layout_loops_ring
D:2:      layout_basic, lemuel_flame_loot_1

Action                   || total
-------------------------++-------
Melee: Whip              ||     3
 Cast: Sting             ||    25
  Use: Scroll            ||     1
Armor: Robe              ||     1
       Leather armour    ||     4
Dodge: Dodged            ||    25

Table legend: (Time is in decaauts)
 A = Elapsed time spent in this place.
 B = Non-inter-level travel time spent in this place.
 C = Inter-level travel time spent in this place.
 D = Time resting spent in this place.
 E = Time spent auto-exploring this place.
 F = Levels seen in this place.
 G = Mean time per level.
                   A        B        C        D        E       F      G
               +--------+--------+--------+--------+--------+-----+--------+
         Total |   1211 |   1173 |     38 |    244 |    743 |   2 |  605.5 |
       Dungeon |   1211 |   1173 |     38 |    244 |    743 |   2 |  605.5 |
               +--------+--------+--------+--------+--------+-----+--------+

Top non-repeatable levels by time:
     D:1: 1159 daAuts
     D:2: 51 daAuts
